 Dungeon Crawl Stone Soup version 0.28-a0-973-ga7f8b01127 (webtiles) character file.

Game seed: 17240486310831714013

28 browni3141 the Covered (level 2, -2/26 HPs)
             Began as a Demigod Fighter on Dec 1, 2021.
             Slain by a goblin (5 damage)
             ... on level 1 of the Dungeon.
             The game lasted 00:00:51 (719 turns).

browni3141 the Covered (Demigod Fighter)             Turns: 719, Time: 00:00:51

Health: -2/26      AC:  6    Str: 17    XL:     2   Next: 78%
Magic:  4/4        EV:  9    Int: 10    God:
Gold:   52         SH:  4    Dex: 13    Spells: 1/1 levels left

rFire   . . .      SeeInvis +   a - +0 long sword
rCold   . . .      Faith    .   c - +0 buckler
rNeg    . . .      Spirit   .   b - +0 scale mail
rPois   .          Reflect  .   (no helmet)
rElec   .          Harm     .   (no cloak)
rCorr   .          Rampage  .   (no gloves)
Will    .....                   (no boots)
Stlth   ..........              (no amulet)
HPRegen 0.08/turn               e - ring of see invisible
MPRegen 0.09/turn               (no ring)

@: no status effects
A: high mp 1, forlorn, divine attributes
a: no special abilities


You were on level 1 of the Dungeon.
You visited 1 branch of the dungeon, and saw 1 of its levels.

You collected 52 gold pieces.

Inventory:

Hand Weapons
 a - a +0 long sword (weapon)
Armour
 b - a +0 scale mail (worn)
 c - a +0 buckler (worn)
Jewellery
 e - a ring of see invisible (left hand)
Potions
 d - a potion of might
 f - a potion of heal wounds {unknown}


   Skills:
 * Level 3.1 Fighting
 - Level 1.7 Long Blades
 * Level 3.1 Armour
 * Level 1.0 Dodging
 + Level 2.8 Shields


You had one spell level left.
You didn't know any spells.
Your spell library was empty.

Dungeon Overview and Level Annotations

Branches:
Dungeon (1/15)


Innate Abilities, Weirdness & Mutations

You have an increased reservoir of magic. (+10% MP)
You shall have no god before yourself.
Your divine heritage dramatically boosts your attributes as you level up.


Message History

You are too injured to fight recklessly!
You are too injured to fight recklessly!
You are too injured to fight recklessly!
You are too injured to fight recklessly!
You are too injured to fight recklessly!
You are too injured to fight recklessly!
You are too injured to fight recklessly!
You are too injured to fight recklessly!
You are too injured to fight recklessly!
You are too injured to fight recklessly!
You are too injured to fight recklessly!
You are too injured to fight recklessly!
You are too injured to fight recklessly!
You are too injured to fight recklessly!
You are too injured to fight recklessly!
Unknown command.
You are too injured to fight recklessly!
You are too injured to fight recklessly!
Unknown command.
You escape the ball python's grasp.
You are too injured to fight recklessly!
You are too injured to fight recklessly!
You are too injured to fight recklessly!
You are too injured to fight recklessly!
You slash the ball python!
You kill the ball python!
You slash the kobold!
You kill the kobold!
The goblin barely misses you.
You see here a +0 short sword.
You closely miss the goblin. The goblin hits you with a +0 spear. x2
* * * LOW HITPOINT WARNING * * *
Unknown command.
You barely miss the goblin. The goblin hits you with a +0 spear.
* * * LOW HITPOINT WARNING * * *
Unknown command.
You block the goblin's attack.
The goblin no longer looks unusually strong.
The goblin hits you from afar with a +0 spear.
You die...

..†......##.##.#.#### #.##..#
#...................# #.##.##
#.###........†...##.# #.##.#
#.# #>..###.####.##.# #.##.#
#.###.### #.# #.##.# #.##.#
......#####.####.##.# ###.##.#
.................##.###.#.##.#
....#######.####.##.##....##>#
#.#.# #.# ##@##.÷...####.#
#.#.# #.# #.......#.# #.#
#.#.#######.# #.g.....#.# #.#
............# #.........####.#
###.#######.###....g.........#
#.# #...........#.###### #.#
#..>........#.# #.####
#####.......#.# #....#
#######.#.#


You could see a hobgoblin and a goblin.

Vanquished Creatures
  3 bats (D:1)
  An endoplasm (D:1)
  2 goblins (D:1)
  4 hobgoblins (D:1)
  4 kobolds (D:1)
  2 quokkas (D:1)
  3 ball pythons (D:1)
  4 frilled lizards (D:1)
  3 rats (D:1)
26 creatures vanquished.

Notes
Turn   | Place    | Note
-------+----------+-------------------------------------------
     0 | D:1      | browni3141 the Demigod Fighter began the quest for the Orb.
     0 | D:1      | Reached XP level 1. HP: 18/18 MP: 3/3
   328 | D:1      | Reached XP level 2. HP: 22/25 MP: 4/4
   683 | D:1      | Reached skill level 1 in Dodging
   694 | D:1      | HP: 1/26 [goblin (5)]
   719 | D:1      | Slain by a goblin

Illustrated notes

Levels and vault maps discovered:
D:1:      dpeg_arrival_short_road, layout_loops_ring,
          ebering_ecumenical_altar_sacrificial, minmay_nonomino_d4

Skill      XL: |  1  2 |
---------------+-------+-----
Armour         | 3 |  3.1
Fighting       | 3 |  3.1
Dodging        | 1 |  1.0
Long Blades    | |  1.7
Shields        | |  2.8

Action                   || total
-------------------------++-------
Melee: Long sword        ||    74
Armor: Scale mail        ||    38
Dodge: Dodged            ||    35
Block: Buckler           ||    16

Table legend: (Time is in decaauts)
 A = Elapsed time spent in this place.
 B = Non-inter-level travel time spent in this place.
 C = Inter-level travel time spent in this place.
 D = Time resting spent in this place.
 E = Time spent auto-exploring this place.
 F = Levels seen in this place.
 G = Mean time per level.
                   A        B        C        D        E       F      G
               +--------+--------+--------+--------+--------+-----+--------+
         Total |    743 |    743 |      0 |      0 |    575 |   1 |  743.0 |
       Dungeon |    743 |    743 |      0 |      0 |    575 |   1 |  743.0 |
               +--------+--------+--------+--------+--------+-----+--------+

Top non-repeatable levels by time:
     D:1: 743 daAuts
